 Dungeon Crawl Stone Soup version 0.28-a0-984-g3775c662fe (webtiles) character file.

Game seed: 6585231895488421845

13778 ALWAYSlose the Basher (level 11, -2/77 HPs)
             Began as a Demonspawn Fighter on Dec 4, 2021.
             Was a Priest of Nemelex Xobeh.
             Slain by Sonja (19 damage)
             ... on level 13 of the Dungeon.
             The game lasted 00:19:17 (13906 turns).

ALWAYSlose the Basher (Demonspawn Fighter)         Turns: 13906, Time: 00:19:17

Health: -2/77      AC: 13    Str: 20    XL:     11   Next: 80%
Magic:  20/20      EV: 11    Int: 10    God:    Nemelex Xobeh [***...]
Gold:   196        SH:  5    Dex: 13    Spells: 10/10 levels left

rFire   . . .      SeeInvis +   r - +3 flail (protect)
rCold   . . .      Faith    .   c - +0 buckler
rNeg    . . .      Spirit   .   b - +0 scale mail
rPois   .          Reflect  .   (helmet restricted)
rElec   .          Harm     .   (no cloak)
rCorr   .          Rampage  .   e - +0 pair of gloves
Will    +....                   v - +1 pair of boots
Stlth   ..........              (no amulet)
HPRegen 0.22/turn               i - ring of see invisible
MPRegen 0.17/turn               x - ring of willpower

@: lethally poisoned (-2 -> -9), slowed, very slow
A: antennae 1, slimy green scales 2, ignite blood 3, spiny 1
a: Renounce Religion, Draw Escape, Draw Destruction, Draw Summoning, Triple Draw


You were on level 13 of the Dungeon.
You worshipped Nemelex Xobeh.
Nemelex Xobeh was most pleased with you.
You visited 2 branches of the dungeon, and saw 14 of its levels.
You also visited: Sewer.

You collected 634 gold pieces.
You spent 438 gold pieces at shops.

Inventory:

Hand Weapons
 r - a +3 flail of protection (weapon)
Missiles
 h - 20 poisoned darts (quivered)
 s - a throwing net
 t - 2 silver javelins
Armour
 b - a +0 scale mail (worn)
 c - a +0 buckler (worn)
 e - a +0 pair of gloves (worn)
 v - a +1 pair of boots (worn)
Jewellery
 i - a ring of see invisible (left hand)
 x - a ring of willpower (right hand)
 F - a ring of ice
Wands
 k - a wand of iceblast (9)
 o - a wand of flame (7)
 u - a wand of digging (13)
Scrolls
 f - 4 scrolls of identify
 g - 4 scrolls of immolation
 j - 7 scrolls of teleportation
 l - 3 scrolls of amnesia
 w - 2 scrolls of blinking
 y - 2 scrolls of magic mapping
 E - 3 scrolls of fog {unknown}
Potions
 a - 2 potions of curing
 d - a potion of berserk rage
 m - 3 potions of lignification
 n - 3 potions of brilliance
 p - a potion of magic
 q - 3 potions of heal wounds
 z - 2 potions of might
 A - 2 potions of haste
 B - a potion of mutation
 C - 2 potions of invisibility
 D - 2 potions of flight


   Skills:
 + Level 4.2 Fighting
 - Level 14.0 Maces & Flails
 + Level 1.0 Throwing
 - Level 4.0 Armour
 - Level 4.0 Dodging
 - Level 4.0 Shields
 - Level 12.0 Invocations


You had 10 spell levels left.
You didn't know any spells.
Your spell library contained the following spells:

 Spells                   Type           Power      Damage    Failure   Level
 Foxfire                  Conj/Fire      0%         2x1d4     71%         1
 Slow                     Hex            0%         N/A       71%         1
 Sting                    Tmut/Pois      0%         1d3       71%         1
 Corpse Rot               Necr/Air       0%         N/A       85%         2
 Ensorcelled Hibernation  Hex/Ice        0%         N/A       85%         2
 Poisonous Vapours        Pois/Air       0%         N/A       85%         2
 Confusing Touch          Hex            0%         N/A       97%         3
 Conjure Flame            Conj/Fire      0%         6-21      97%         3
 Dazzling Flash           Conj/Hex       0%         N/A       97%         3
 Gell's Gravitas          Tloc           0%         N/A       97%         3
 Inner Flame              Hex/Fire       0%         N/A       97%         3
 Lesser Beckoning         Tloc           0%         N/A       97%         3
 Teleport Other           Tloc           0%         N/A       97%         3
 Flame Wave               Conj/Fire      0%         2d4       100%        4
 Hailstorm                Conj/Ice       0%         3d3       100%        4
 Ice Form                 Ice/Tmut       0%         N/A       100%        4
 Olgreb's Toxic Radiance  Pois           0%         N/A       100%        4
 Agony                    Necr           0%         N/A       100%        5
 Silence                  Hex/Air        0%         N/A       100%        5
 Yara's Violent Unravell  Hex/Tmut       0%         3d3       100%        5
 Simulacrum               Ice/Necr       0%         N/A       100%        6


Dungeon Overview and Level Annotations

Branches:
Dungeon (13/15)            Temple (1/1) D:5            Lair (0/6) D:10
    Orc (0/2) D:9           Sewer (visited)
 Vaults: D:13-14

Altars:
Cheibriados
Kikubaaqudgha
Nemelex Xobeh
Qazlal
Sif Muna
Xom
Zin
The Shining One
Beogh

Shops:
D:1 *([([   D:3 [*!   D:9 (   D:11 !!

Annotations:
D:13 Sonja


Innate Abilities, Weirdness & Mutations

You have a pair of small antennae on your head.
You are mostly covered in slimy green scales. (AC +3)
Your demonic aura causes all spilled blood to erupt in flames.
You are partially covered in sharp spines.


Message History

You kill the purple very ugly thing!
Sonja gestures wildly while chanting.
Sonja blinks!
Training target 14.0 for Maces & Flails reached!
Your Maces & Flails skill increases to level 14!
You need to enable at least one skill for training.
Your Throwing skill increases to level 1!
You closely miss Sonja.
Sonja mumbles some strange words.
Sonja blinks!
Throw: 21 darts (poison)
Press: ? - help, Q - select action, (/) - cycle Shift-Dir - straight line, f - Sonja
Aim: Sonja, wielding a +2 dagger of distortion and quivering curare-tipped darts (6% to hit)
You throw a poisoned dart. The poisoned dart hits Sonja.
Sonja is poisoned.
Sonja throws a curare-tipped dart.
You block the curare-tipped dart.
Unknown command.
Sonja throws a curare-tipped dart.
The curare-tipped dart hits you.
You are poisoned.
You have difficulty breathing.
You feel yourself slow down.
Unknown command.
You feel very sick. Sonja hits you but does no damage. Space warps around you.
Sonja hits you with a +2 dagger of distortion.
Space warps around you.
Sonja hits you with a +2 dagger of distortion.
Space warps horribly around you. Sonja is struck by your spines.
Sonja hits you with a +2 dagger of distortion.
Space warps around you. Sonja completely misses you.
Sonja hits you with a +2 dagger of distortion.
* * * LOW HITPOINT WARNING * * *
You closely miss Sonja.
Sonja is moderately wounded.
You feel sick.
Sonja twirls her cape.
Sonja hits you but does no damage. Space warps around you.
* * * LOW HITPOINT WARNING * * *
Sonja barely misses you. Sonja hits you but does no damage.
Space warps horribly around you!!
You die...
Your body glows with a rainbow of weird colours and disappears.

###### #####....#
#........# ###..?.....###
.........@K(.#
..$.......##.# ########
..........##.###......#
.......†..##.#.....##.#
.....<..°.##.....#.##.#
..........##.†.###.#..####
.....$....##...#..........
+##............#.#.#.###.#
..............>.#.#.....#


You could see Sonja (poisoned).

Vanquished Creatures
  A very ugly thing (D:13)
  A hydra (D:12)
  A two-headed ogre (D:9)
  A deep elf pyromancer (D:12)
  2 cyclopes
  2 unseen horrors (D:12)
  The ghost of AmazingEquinox the Covered, an amateur HOFi of Zin (D:4)
  3 trolls
  Grinder (D:5)
  5 slime creatures (D:12)
  10 yaks (D:10)
  2 wraiths
  A vampire (D:12)
  3 wyverns (D:9)
  A basilisk (D:13)
  Edmund (D:5)
  An acid dragon (D:10)
  A water moccasin (D:6)
  2 sky beasts
  Pargi (Sewer)
  11 orc warriors
  A hornet zombie (D:7)
  3 black bears
  2 necrophages
  7 ogres
  A wolf (D:8)
  2 centaurs (D:7)
  2 phantoms
  A kobold brigand (D:7)
  7 bullfrogs
  A gnoll sergeant (D:10)
  2 scorpions (D:5)
  A water moccasin zombie (D:5)
  A water moccasin skeleton (D:7)
  7 killer bees (D:9)
  3 wights (D:8)
  2 howler monkeys
  3 centaur zombies
  2 hounds
  3 jellies
  5 orc priests
  A bullfrog skeleton (D:6)
  A centaur skeleton (D:6)
  An iron imp (D:6)
  Jessica (D:3)
  A gnoll shaman (D:7)
  4 iguanas
  5 orc wizards
  2 hell rats (D:7)
  A killer bee zombie (D:4)
  A howler monkey zombie (D:9)
  8 adders
  9 gnolls
  5 river rats (D:7)
  A white imp (D:8)
  An ufetubus (D:5)
  A worm (D:2)
  3 dart slugs
  31 orcs
  2 endoplasms
  11 giant cockroaches
  5 goblins
  8 hobgoblins
  5 jackals
  20 kobolds
  9 quokkas
  6 ball pythons
  10 bats
  3 frilled lizards
  21 rats
285 creatures vanquished.

Vanquished Creatures (collateral kills)
  An orc warrior (D:9)
  2 orcs (D:9)
3 creatures vanquished.

Vanquished Creatures (others)
  A human (D:5)
  A fungus (D:10)
2 creatures vanquished.

Grand Total: 290 creatures vanquished

Notes
Turn   | Place    | Note
-------+----------+-------------------------------------------
     0 | D:1      | ALWAYSlose the Demonspawn Fighter began the quest for the
                  | Orb.
     0 | D:1      | Reached XP level 1. HP: 18/18 MP: 1/1
    83 | D:1      | Found Leivvuri's Assorted Antiques.
   311 | D:1      | Found Putroadi's Weapon Shoppe.
   391 | D:1      | Found Deorph's Antique Armour Boutique.
   433 | D:1      | Reached skill level 2 in Maces & Flails
   574 | D:1      | Gained mutation: You are partially covered in slimy green
                  | scales. (AC +2) [demonic ancestry]
   574 | D:1      | Reached XP level 2. HP: 23/24 MP: 2/2
  1072 | D:1      | Found Ugoyrog's Armour Shoppe.
  1076 | D:1      | Found Meogusk's Weapon Boutique.
  1163 | D:2      | Reached XP level 3. HP: 19/29 MP: 3/3
  1578 | D:2      | You fall into a shaft and drop 1 floor!
  1643 | D:3      | Found Poreyscha's Distillery.
  1693 | D:3      | Noticed Jessica
  1700 | D:3      | Killed Jessica
  1701 | D:3      | Gained mutation: Your demonic aura sometimes causes spilled
                  | blood to erupt in flames. [demonic ancestry]
  1701 | D:3      | Reached XP level 4. HP: 19/35 MP: 4/4
  1713 | D:3      | Got Jessica's Reference Book on Hexes
  1896 | D:3      | Found Walitebli's Assorted Antiques.
  1900 | D:3      | Bought a scroll labelled ARHEEC CUQIUMN for 15 gold pieces
  1900 | D:3      | Bought an emerald potion for 13 gold pieces
  1900 | D:3      | Bought a scroll labelled QUPEIMYBYH for 15 gold pieces
  1979 | D:3      | Found a shimmering blue altar of Sif Muna.
  2089 | D:3      | Found Owygeapn's Armour Shoppe.
  2166 | D:4      | Reached skill level 1 in Dodging
  2166 | D:4      | Gained mutation: Your demonic aura often causes spilled
                  | blood to erupt in flames. [demonic ancestry]
  2166 | D:4      | Reached XP level 5. HP: 5/42 MP: 5/5
  2353 | D:4      | Found a runed translucent door.
  2353 | D:4      | Noticed AmazingEquinox's ghost (amateur HOFi)
  2372 | D:4      | Noticed an ogre
  2382 | D:4      | Killed an ogre
  2383 | D:4      | Reached skill level 3 in Maces & Flails
  2383 | D:4      | Gained mutation: You are partially covered in sharp spines.
                  | [demonic ancestry]
  2383 | D:4      | Reached XP level 6. HP: 22/48 MP: 6/6
  2438 | D:4      | Found a glowing drain.
  2456 | Sewer    | Entered a sewer
  2633 | Sewer    | Noticed Pargi
  2638 | Sewer    | Killed Pargi
  2828 | D:4      | Paralysed by a kobold for 7 turns
  4364 | D:4      | Found a sparkling altar of Nemelex Xobeh.
  4372 | D:4      | Became a worshipper of Nemelex Xobeh the Trickster
  4473 | D:5      | Entered Level 5 of the Dungeon
  4473 | D:5      | Noticed a human
  4473 | D:5      | Found an ancient bone altar of Kikubaaqudgha.
  4478 | D:5      | Killed a human
  4579 | D:5      | Noticed Grinder
  4583 | D:5      | Reached skill level 1 in Invocations
  4583 | D:5      | Gained mutation: You are mostly covered in slimy green
                  | scales. (AC +3) [demonic ancestry]
  4583 | D:5      | Reached XP level 7. HP: 33/54 MP: 6/8
  4591 | D:5      | Killed Grinder
  4592 | D:5      | Reached skill level 4 in Maces & Flails
  4712 | D:5      | Found a shimmering altar of Xom.
  4989 | D:5      | Reached skill level 5 in Maces & Flails
  4989 | D:5      | Gained mutation: Your demonic aura causes all spilled blood
                  | to erupt in flames. [demonic ancestry]
  4989 | D:5      | Reached XP level 8. HP: 46/60 MP: 11/11
  5135 | D:5      | Found a staircase to the Ecumenical Temple.
  5163 | Temple   | Entered the Ecumenical Temple
  5299 | D:6      | Reached skill level 5 in Invocations
  5791 | D:6      | Reached skill level 6 in Maces & Flails
  6052 | D:5      | Reached XP level 9. HP: 52/65 MP: 14/14
  6145 | D:5      | Noticed Edmund
  6150 | D:5      | Killed Edmund
  6151 | D:5      | Reached skill level 7 in Maces & Flails
  6429 | D:6      | Found a snail-covered altar of Cheibriados.
  6870 | D:7      | Found a stormy altar of Qazlal.
  7008 | D:7      | Reached * piety under Nemelex Xobeh
  7572 | D:7      | Reached skill level 8 in Maces & Flails
  7587 | D:7      | Reached skill level 10 in Invocations
  8056 | D:4      | Killed AmazingEquinox's ghost
  8242 | D:1      | Bought a scroll labelled UGESMI XAN MEPLI for 28 gold
                  | pieces
  8242 | D:1      | Bought a viscous purple potion for 25 gold pieces
  8589 | D:8      | Received a gift from Nemelex Xobeh
  8601 | D:8      | Identified the +1 ring mail of Linubb {*Slow rN+ Will+
                  | Str+3}
  8795 | D:8      | Reached XP level 10. HP: 54/69 MP: 18/18
  9640 | D:9      | Reached skill level 9 in Maces & Flails
  9824 | D:9      | Found a staircase to the Orcish Mines.
 10323 | D:9      | Reached skill level 10 in Maces & Flails
 10397 | D:9      | Noticed a two-headed ogre
 10416 | D:9      | Killed a two-headed ogre
 10523 | D:9      | Found Cytreuqi's Weapon Shop.
 10798 | D:9      | Reached skill level 11 in Maces & Flails
 11088 | D:10     | Entered Level 10 of the Dungeon
 11234 | D:10     | Reached ** piety under Nemelex Xobeh
 11241 | D:10     | Gained mutation: You have a pair of small antennae on your
                  | head. [demonic ancestry]
 11241 | D:10     | Reached XP level 11. HP: 45/77 MP: 20/20
 11493 | D:10     | Received a gift from Nemelex Xobeh
 11548 | D:10     | Reached skill level 12 in Maces & Flails
 11873 | D:10     | Found a staircase to the Lair.
 12130 | D:11     | Found Ecuem's Distillery.
 12139 | D:11     | Bought 2 potions of invisibility for 192 gold pieces
 12139 | D:11     | Bought a potion of might for 48 gold pieces
 12139 | D:11     | Bought a potion of heal wounds for 60 gold pieces
 12144 | D:11     | Identified the +6 quarterstaff "Jaoxt" {freeze, *Rage rPois
                  | rN+++ Will-}
 12189 | D:11     | Received a gift from Nemelex Xobeh
 12193 | D:11     | Found Weribrepif's Distillery.
 12379 | D:11     | Bought a potion of flight for 42 gold pieces
 12383 | D:11     | Reached *** piety under Nemelex Xobeh
 12701 | D:12     | Received a gift from Nemelex Xobeh
 13032 | D:12     | Noticed a seven-headed hydra
 13042 | D:12     | Killed a seven-headed hydra
 13043 | D:12     | Reached skill level 13 in Maces & Flails
 13164 | D:12     | Noticed a deep elf pyromancer
 13176 | D:12     | Killed a deep elf pyromancer
 13693 | D:12     | Received a gift from Nemelex Xobeh
 13889 | D:13     | Noticed Sonja
 13890 | D:13     | Noticed a purple very ugly thing
 13900 | D:13     | Killed a purple very ugly thing
 13901 | D:13     | Reached skill level 14 in Maces & Flails
 13901 | D:13     | Reached skill level 1 in Throwing
 13906 | D:13     | Slain by Sonja

Illustrated notes

Levels and vault maps discovered:
D:1:      saegor_arrival_simple_e, layout_basic, serial_shops, shop_statue,
          shop, nicolae_diamond_shop, nicolae_shop_window_shopping, shop
D:2:      layout_basic, basic_altar, hangedman_decor_points,
          hangedman_feature_mirror
D:3:      layout_basic, kennysheep_orc_sif_temple, serial_shops,
          nicolae_shop_behind_doors, nicolae_shop_waterfront,
          nicolae_shop_trees, kennysheep_jessica_study
D:4:      layout_basic, mainiacjoe_overflow_surrounded_room,
          hellmonk_ghost_happy_afterlife, portal_sewer_entry_f
D:5:      layout_basic, tgw_xom, tgw_kikubaaqudgha, minmay_temple_entry_hall,
          st_stairs_11, uniq_edmund, uniq_grinder
D:6:      layout_cave_pods, chei_slow_surprise
D:7:      lemuel_ratsnest, layout_rooms, mainiacjoe_overflow_six_doors_small
D:8:      layout_gridville, zin_statuary
D:9:      layout_loops_ring, david_orc_5, serial_shops, nicolae_stop_n_shop_1
D:10:     layout_cave_pools, grunt_lair_entry_orc_guard_hut
D:11:     minmay_the_grid_triangle_9x9_recursive_3_mashed
          [minmay_the_grid_triangle_9x9_descending_squares,
          minmay_the_grid_triangle_9x9_sprig,
          minmay_the_grid_triangle_9x9_dagger,
          minmay_the_grid_triangle_9x9_prize_top_heavy,
          minmay_the_grid_triangle_9x9_stretched_checkered,
          minmay_the_grid_triangle_9x9_intruding_spiral,
          minmay_the_grid_triangle_9x9_sparse_checkered,
          minmay_the_grid_triangle_9x9_minimal,
          minmay_the_grid_triangle_9x9_zippers_vertical], layout_basic,
          serial_shops, shop, shop, nicolae_lakefront_shop,
          kennysheep_island_fort
D:12:     layout_irregular_city
D:13:     layout_basic, ploomutoo_gammafunk_ghost_potion_laboratory, uniq_sonja
Temple:   regret_index_temple_waves

Skill      XL: |  1  2  3  4  5  6  7  8  9 10 11 |
---------------+----------------------------------+-----
Maces & Flails | 2 3 5 6 8 11 14 | 14.0
Armour         | 3 4 |  4.0
Shields        | 3 4 |  4.0
Dodging        | 1 2 4 |  4.0
Fighting       | 4 |  4.2
Invocations    | 1 4 7 11 12 | 12.0
Throwing       | 1 |  1.0

Action                   |  1- 3 |  4- 6 |  7- 9 | 10-12 || total
-------------------------+-------+-------+-------+-------++-------
Melee: Flail             |   116 |   130 |   237 |   281 ||   764
Throw: Dart              |       |       |     4 |     2 ||     6
       Javelin           |       |       |     2 |       ||     2
Invok: Draw Destruction  |       |       |     1 |     7 ||     8
       Draw Escape       |       |       |       |     1 ||     1
       Draw Summoning    |       |       |       |     1 ||     1
Evoke: Wand              |       |       |     2 |       ||     2
  Use: Scroll            |       |     7 |    10 |     4 ||    21
       Potion            |       |     1 |     2 |     3 ||     6
 Stab: Paralysed         |       |       |     6 |       ||     6
Armor: Scale mail        |    50 |    59 |   106 |   124 ||   339
Dodge: Dodged            |    51 |    57 |   122 |   142 ||   372
Block: Buckler           |    35 |    25 |    57 |    61 ||   178

Table legend: (Time is in decaauts)
 A = Elapsed time spent in this place.
 B = Non-inter-level travel time spent in this place.
 C = Inter-level travel time spent in this place.
 D = Time resting spent in this place.
 E = Time spent auto-exploring this place.
 F = Levels seen in this place.
 G = Mean time per level.
                   A        B        C        D        E       F      G
               +--------+--------+--------+--------+--------+-----+--------+
         Total |  13969 |  12973 |    996 |   1123 |   9892 |  15 |  931.3 |
       Dungeon |  13651 |  12655 |    996 |   1123 |   9620 |  13 | 1050.1 |
        Temple |      1 |      1 |      0 |      0 |      0 |   1 |    1.0 |
         Sewer |    315 |    315 |      0 |      0 |    272 |   1 |  315.0 |
               +--------+--------+--------+--------+--------+-----+--------+

Top non-repeatable levels by time:
     D:9: 1445 daAuts
     D:1: 1418 daAuts
     D:7: 1367 daAuts
     D:6: 1344 daAuts
    D:12: 1286 daAuts
     D:5: 1130 daAuts
     D:4: 1059 daAuts
     D:8: 1048 daAuts
     D:2: 1031 daAuts
     D:3: 1020 daAuts
    D:10: 887 daAuts
    D:11: 409 daAuts
   Sewer: 315 daAuts
    D:13: 201 daAuts
  Temple: 1 daAuts
